AoeStats
← JoeyDeez

Arabia

510128778Analyzed
1v1 RM · 3d ago on Sep 29, 2026· 50m 58s· 2 players
Game mode
Random Map
Map size
Tiny (2 player)
Population
200
Speed
Normal
Resources
Standard
Victory
Conquest
Starting age
Dark Age
Ending age
Imperial Age
RankedLock teamsTeams togetherTeam positionsShared explorationLock speedFull tech treeHidden civsTurbo modeCheats
Victory
Defeat
🇨🇿 Bohemians · Czechia
833
+14
🇬🇧 Portuguese · United Kingdom
797
-14
JoeyDeez
2:37 Loom
11:12 Feudal Age
11:33 Horse Collar
11:56 Double-Bit Axe
16:26 Stone Mining
20:45 Castle Age
18:53 Gold Mining
21:14 Fletching
21:25 Padded Archer Armor
22:01 Heavy Plow
24:05 Stone Shaft Mining
28:52 Bodkin Arrow
37:29 Imperial Age
36:12 Ballistics
39:30 Chemistry
40:07 Bracer
41:06 Elite Organ Gun
44:31 Masonry
49:21 Arquebus
vojluk
11:04 Feudal Age
12:27 Wheelbarrow
11:43 Double-Bit Axe
13:34 Horse Collar
15:21 Fletching
19:37 Padded Archer Armor
23:56 Castle Age
24:22 Crossbowman
25:40 Hand Cart
25:10 Loom
25:34 Bodkin Arrow
25:55 Leather Archer Armor
26:56 Chemistry
26:42 Ballistics
31:27 Leather Archer Armor
36:27 Imperial Age
34:23 Murder Holes
37:06 Houfnice
38:56 Conscription
39:17 Wagenburg Tactics
38:54 Arbalester
43:22 Elite Hussite Wagon
44:07 Bracer
Connection lost

Rejoining the realm…

Still unreachable

The connection could not be restored.

Session expired

The server has moved on; the page needs a fresh start.